[Event "International chess holiday M11"]
[Site "Praha"]
[Date "2013.07.14"]
[Round "1"]
[White "Kasparov, Sergey"]
[Black "Koper, Stefan"]
[Result "1-0"]
[ECO "B18"]
[WhiteElo "2470"]
[BlackElo "1984"]
[Annotator "Koller,Martin"]
[PlyCount "27"]
[TimeControl "240+2"]

1. e4 c6 2. d4 d5 3. Nc3 dxe4 4. Nxe4 Bf5 5. Ng3 Bg6 6.
Nh3 e6 7. Nf4 Bd6 8. h4 Ne7 9. h5 Bf5 10. c3 h6 11. Nxf5 Nxf5 12. Bd3 Ne7 13.
Qg4 Rg8 14. Bh7 1-0

[Event "International chess holiday M11"]
[Site "Praha"]
[Date "2013.07.14"]
[Round "1"]
[White "Hánl, František"]
[Black "Kováø, Jan"]
[Result "1/2-1/2"]
[ECO "C07"]
[WhiteElo "1935"]
[BlackElo "1937"]
[Annotator "Koller,Martin"]
[PlyCount "130"]
[TimeControl "240+2"]

1. e4 e6 2. d4 d5 3. Nd2 c5 4. exd5 Qxd5 5. dxc5 Bxc5 6.
Ngf3 Nf6 7. Bc4 Qd8 8. O-O Nc6 9. Nb3 Qxd1 10. Rxd1 Bb6 11. Bb5 Bd7 12. Bg5 h6
13. Bxf6 gxf6 14. Nfd4 Ne5 15. Bxd7+ Nxd7 16. Nb5 Ke7 17. Nd6 Rab8 18. Rd2 Ne5
19. c4 Rhd8 20. Rad1 a6 21. c5 Bc7 22. f4 Nc6 23. g3 b6 24. Nc4 Rxd2 25. Rxd2
Nb4 26. a3 Nd5 27. Nd4 Ke8 28. b4 bxc5 29. bxc5 Nc3 30. Nc6 Rb1+ 31. Kg2 Ne4
32. Rc2 Nxc5 33. Nd2 Rd1 34. Nf3 Bd6 35. Rb2 Rd3 36. Ra2 Na4 37. Nb4 Rb3 38.
Nd4 Rb2+ 39. Rxb2 Nxb2 40. Nxa6 Bxa3 41. Nc2 Bd6 42. Ncb4 Bxb4 43. Nxb4 Nc4 44.
Kf3 f5 45. g4 fxg4+ 46. Kxg4 Kf8 47. Nd3 Kg7 48. Kf3 Kg6 49. Nf2 Kf5 50. Ne4 f6
51. h3 e5 52. Ng3+ Kg6 53. fxe5 fxe5 54. Ke4 Kf6 55. Nh5+ Kg5 56. Ng3 h5 57.
Nxh5 Kxh5 58. Kd5 Kg5 59. Kxc4 e4 60. h4+ Kf4 61. h5 e3 62. h6 e2 63. h7 e1=Q
64. h8=Q Qc1+ 65. Qc3 Qxc3+ 1/2-1/2

[Event "International chess holiday M11"]
[Site "Praha"]
[Date "2013.07.14"]
[Round "1"]
[White "Gregor, Jiøí"]
[Black "Šišák, Richard"]
[Result "1-0"]
[ECO "E81"]
[WhiteElo "2276"]
[BlackElo "2072"]
[Annotator "Koller,Martin"]
[PlyCount "91"]
[TimeControl "240+2"]

1. d4 Nf6 2. c4 g6 3. Nc3 Bg7 4. e4 d6 5. f3 O-O 6. Be3
Na6 7. Qd2 c5 8. Nge2 Qa5 9. Nc1 cxd4 10. Bxd4 Be6 11. Be2 Rac8 12. b3 Nb4 13.
Rb1 Nc6 14. Be3 Nd7 15. Nd5 Qxd2+ 16. Kxd2 Bxd5 17. exd5 Nd4 18. Nd3 Nf5 19.
Bf4 Bh6 20. Bxh6 Nxh6 21. g4 e5 22. dxe6 fxe6 23. f4 Nc5 24. Bf3 Nxd3 25. Kxd3
Rc7 26. g5 Nf5 27. Rhe1 Ng7 28. Bg4 Re8 29. Re4 Rce7 30. Rbe1 Kf7 31. b4 b6 32.
R1e3 Nf5 33. Bxf5 gxf5 34. Rd4 Rd7 35. Rh3 Kg7 36. Rh6 Ree7 37. Rf6 e5 38. Rd5
exf4 39. Rdxf5 Re3+ 40. Kd4 Rh3 41. Rxf4 Rxh2 42. a4 Rb2 43. b5 d5 44. Kc3 Rg2
45. cxd5 Rxg5 46. R6f5 neèitelné 1-0

[Event "International chess holiday M11"]
[Site "Praha"]
[Date "2013.07.14"]
[Round "1"]
[White "Novák, Jindøich"]
[Black "Reichmann, Steffen Dr."]
[Result "0-1"]
[ECO "A41"]
[WhiteElo "2013"]
[BlackElo "1988"]
[Annotator "Koller,Martin"]
[PlyCount "85"]
[TimeControl "240+2"]

1. d4 d6 2. Bg5 c6 3. Nf3 Qb6 4. Nbd2 g6 5. h4 Qxb2 6. h5
Bg7 7. hxg6 hxg6 8. Rxh8 Bxh8 9. e3 Nf6 10. Bc4 b5 11. Bd3 Bg4 12. c4 Qc3 13.
Ke2 a6 14. Rb1 Nbd7 15. a4 e5 16. Rb3 Qa5 17. axb5 axb5 18. cxb5 cxb5 19. Rxb5
Qc7 20. Qb1 exd4 21. exd4 Kf8 22. Kf1 Qc3 23. Rb3 Qa1 24. Bf4 Ne8 25. Bb5 Bxd4
26. Nxd4 Qxd4 27. Bh6+ Kg8 28. Qe1 Nef6 29. Kg1 Be6 30. Nf3 Qc5 31. Be3 Qh5 32.
Bc6 Rc8 33. Bxd7 Nxd7 34. Rc3 Ne5 35. Bf4 Rxc3 36. Qxc3 Nxf3+ 37. gxf3 Qc5 38.
Qb2 Qf5 39. Bh6 Qe5 40. Qb8+ Kh7 41. Be3 Bf5 42. Qf8 Qd5 43. Bf4 0-1

[Event "International chess holiday M11"]
[Site "Praha"]
[Date "2013.07.14"]
[Round "2"]
[White "Hánl, František"]
[Black "Gregor, Jiøí"]
[Result "0-1"]
[ECO "B99"]
[WhiteElo "1935"]
[BlackElo "2276"]
[Annotator "Koller,Martin"]
[PlyCount "60"]
[TimeControl "240+2"]

1. e4 c5 2. Nf3 d6 3. d4 cxd4 4. Nxd4 Nf6 5. Nc3 a6 6. Bg5
e6 7. f4 h6 8. Bh4 Nbd7 9. Qf3 Qc7 10. O-O-O Be7 11. g4 g5 12. e5 dxe5 13. fxe5
Nxe5 14. Bg3 Nxf3 15. Bxc7 Nxd4 16. Rxd4 Bd7 17. Bg2 O-O 18. Be5 Bc6 19. Bxc6
bxc6 20. Rf1 Nd5 21. Ne4 f5 22. gxf5 exf5 23. Nd2 Rae8 24. Ra4 Bb4 25. Rxb4
Nxb4 26. Bd6 Nxa2+ 27. Kb1 Rf6 28. Bg3 Re2 29. Nf3 g4 30. Nd4 Rd2 0-1

[Event "International chess holiday M11"]
[Site "Praha"]
[Date "2013.07.14"]
[Round "2"]
[White "Reichmann, Steffen Dr."]
[Black "Kasparov, Sergey"]
[Result "0-1"]
[ECO "A08"]
[WhiteElo "1988"]
[BlackElo "2470"]
[Annotator "Koller,Martin"]
[PlyCount "66"]
[TimeControl "240+2"]

1. Nf3 Nf6 2. d3 d5 3. g3 c5 4. Bg2 Nc6 5. O-O e6 6. c3
Be7 7. Qc2 b6 8. e4 Bb7 9. Nbd2 Qc7 10. b3 Rd8 11. Bb2 Ba6 12. Rfd1 Bxd3 13.
Qxd3 dxe4 14. Nxe4 Rxd3 15. Nxf6+ Bxf6 16. Rxd3 O-O 17. Rad1 Rd8 18. Kf1 Rxd3
19. Rxd3 Ne5 20. Nxe5 Bxe5 21. f4 Bf6 22. Be4 c4 23. Re3 Qc5 24. Kf2 Qa5 25.
Bb1 Qh5 26. h4 cxb3 27. axb3 Qd1 28. Ba2 g6 29. b4 a5 30. bxa5 bxa5 31. Re1 Qa4
32. Bb1 Qb3 33. Re2 a4 0-1

[Event "International chess holiday M11"]
[Site "Praha"]
[Date "2013.07.14"]
[Round "2"]
[White "Kováø, Jan"]
[Black "Koper , Stefan"]
[Result "0-1"]
[ECO "B13"]
[WhiteElo "1937"]
[BlackElo "1984"]
[Annotator "Koller,Martin"]
[PlyCount "52"]
[TimeControl "240+2"]

1. e4 c6 2. d4 d5 3. exd5 cxd5 4. Bd3 Nc6 5. c3 Nf6 6. Bf4
g6 7. Nf3 Bg7 8. Nbd2 O-O 9. O-O Nh5 10. Bg5 Qd6 11. Re1 e6 12. h3 h6 13. Be3
Nf4 14. Bxf4 Qxf4 15. Qe2 Qd6 16. Ne5 Nxe5 17. dxe5 Qe7 18. Nb3 Bd7 19. Nd4 a6
20. c4 dxc4 21. Bxc4 Rac8 22. Rac1 Rc5 23. f4 Rfc8 24. Nb3 R5c7 25. Kh1 Qb4 26.
Nd2 b5 0-1

[Event "International chess holiday M11"]
[Site "Praha"]
[Date "2013.07.14"]
[Round "2"]
[White "Šišák, Richard"]
[Black "Wimmer, Miroslav"]
[Result "0-1"]
[ECO "E04"]
[WhiteElo "2072"]
[BlackElo "2127"]
[Annotator "Koller,Martin"]
[PlyCount "68"]
[TimeControl "240+2"]

1. d4 e6 2. c4 Bb4+ 3. Nd2 Nf6 4. g3 O-O 5. Bg2 d5 6. Ngf3
dxc4 7. O-O c3 8. Nc4 Nbd7 9. Qb3 cxb2 10. Bxb2 a5 11. Rac1 Ra6 12. Nfe5 Nd5
13. Rfd1 a4 14. Qc2 a3 15. Ba1 f5 16. e4 fxe4 17. Nxd7 Bxd7 18. Bxe4 Ba4 19.
Bxh7+ Kh8 20. Qe4 Bxd1 21. Rxd1 Bd6 22. Ne5 Bxe5 23. dxe5 Qg5 24. h4 Qh6 25.
Bg6 Rc6 26. f4 Rc3 27. Bxc3 Nxc3 28. Qb4 Qxg6 29. Qxf8+ Kh7 30. Rd2 Qxg3+ 31.
Rg2 Ne2+ 32. Kf1 Qf3+ 33. Rf2 Ng3+ 34. Ke1 Qe3+ 0-1

[Event "International chess holiday M11"]
[Site "Praha"]
[Date "2013.07.15"]
[Round "3"]
[White "Gregor, Jiøí"]
[Black "Kováø, Jan"]
[Result "1/2-1/2"]
[ECO "D44"]
[WhiteElo "2276"]
[BlackElo "1937"]
[Annotator "Koller,Martin"]
[PlyCount "47"]
[TimeControl "240+2"]

1. d4 d5 2. c4 e6 3. Nc3 c6 4. Nf3 Nf6 5. Bg5 dxc4 6. e4 b5 7. e5 h6 8.
Bh4 g5 9. exf6 gxh4 10. Ne5 Qxf6 11. g3 Nd7 12. Qe2 Nxe5 13. dxe5 Qd8 14. Bg2
Qb6 15. O-O Bb7 16. Rfd1 Be7 17. a4 a6 18. Ne4 Rd8 19. Qh5 Rd3 20. Bf1 Qd4 21.
Bxd3 cxd3 22. Nf6+ Bxf6 23. exf6 c5 24. Re1 1/2-1/2

[Event "International chess holiday M11"]
[Site "Praha"]
[Date "2013.07.15"]
[Round "3"]
[White "Novák, Jindøich"]
[Black "Šišák, Richard"]
[Result "1-0"]
[ECO "A40"]
[WhiteElo "2013"]
[BlackElo "2072"]
[Annotator "Koller,Martin"]
[PlyCount "75"]
[TimeControl "240+2"]

1. d4 g6 2. h4 h5 3. Bg5 Bg7 4. c3 Nf6 5. Nd2 d6 6. Ngf3 d5 7. Qb3 c6
8. e4 Qb6 9. Bxf6 Qxb3 10. axb3 Bxf6 11. exd5 cxd5 12. Bd3 Nc6 13. b4 b6 14. b5
Na5 15. Ke2 Kd8 16. Ra2 Kc7 17. Rha1 Kb8 18. Ne5 Bxe5 19. dxe5 Be6 20. b4 Nb7
21. Nb3 Rc8 22. Kd2 d4 23. Nxd4 Bxa2 24. Rxa2 Kc7 25. Be4 Rd8 26. Ke3 e6 27.
Kf4 Rd7 28. Bc6 a5 29. bxa6 Rxd4+ 30. cxd4 Kxc6 31. axb7 Rb8 32. Ra7 Kd5 33.
Ke3 Kc4 34. Ke4 b5 35. g3 Kxb4 36. Kd3 Kb3 37. d5 exd5 neèitelné 1-0

[Event "International chess holiday M11"]
[Site "Praha"]
[Date "2013.07.15"]
[Round "3"]
[White "Wimmer, Miroslav"]
[Black "Hánl, František"]
[Result "1-0"]
[ECO "A26"]
[WhiteElo "2127"]
[BlackElo "1936"]
[Annotator "Koller,Martin"]
[PlyCount "97"]
[TimeControl "240+2"]

1. c4 e5 2. g3 Nc6 3. Nc3 g6 4. Bg2 Bg7 5. e4 Nge7 6. Nge2 d6 7. d3 O-O
8. O-O Be6 9. Nd5 Qd7 10. Bh6 Bxd5 11. Bxg7 Kxg7 12. cxd5 Nd8 13. d4 f6 14. Rc1
c6 15. f4 Nf7 16. dxc6 Nxc6 17. dxe5 fxe5 18. f5 gxf5 19. Rxf5 Ne7 20. Rh5 h6
21. Bh3 Qe8 22. Rc7 Ng5 23. Rxg5+ hxg5 24. Qxd6 Rf7 25. Be6 Qd8 26. Qxe5+ Rf6
27. Bd5 Kg6 28. Qxe7 Qxe7 29. Rxe7 Raf8 30. Re6 Rxe6 31. Bxe6 Kf6 32. Bd5 Ke5
33. Bxb7 Rb8 34. Bd5 Rxb2 35. Kf2 g4 36. Ke3 a5 37. Nd4 Rxh2 38. Nc6+ Kf6 39.
Kf4 a4 40. Kxg4 a3 41. Nd4 Rb2 42. Kf4 Rf2+ 43. Nf3 Ke7 44. g4 Kd6 45. g5 Ke7
46. Kg3 Rc2 47. Nd4 Rd2 48. Nf5+ Kf8 49. g6 1-0

[Event "International chess holiday M11"]
[Site "Praha"]
[Date "2013.07.15"]
[Round "3"]
[White "Koper, Stefan"]
[Black "Reichmann, Steffen Dr."]
[Result "1-0"]
[ECO "A51"]
[WhiteElo "1984"]
[BlackElo "1988"]
[Annotator "Koller,Martin"]
[PlyCount "69"]
[TimeControl "240+2"]

1. d4 Nf6 2. c4 e5 3. d5 Bc5 4. e3 d6 5. Nc3 Bf5 6. Nge2 O-O 7. Ng3 Bg6
8. Be2 a5 9. h4 h6 10. Bd3 Na6 11. a3 Bb6 12. h5 Bxd3 13. Qxd3 Qd7 14. Qf5 Qxf5
15. Nxf5 Nc5 16. Ke2 e4 17. Rb1 a4 18. Bd2 Rfe8 19. Nb5 Ng4 20. Bc3 Ne5 21.
Bxe5 Rxe5 22. Ng3 Nb3 23. Rh4 Nc5 24. Nd4 Rae8 25. Ngf5 Nd3 26. f4 exf3+ 27.
Kxd3 Bxd4 28. Nxd4 Rxe3+ 29. Kd2 f2 30. Rf1 c5 31. dxc6 bxc6 32. Rxf2 c5 33.
Nf5 Rb3 34. Kc2 Reb8 35. Kc1 1-0

[Event "International chess holiday M11"]
[Site "Praha"]
[Date "2013.07.16"]
[Round "4"]
[White "Hánl, František"]
[Black "Novák, Jindøich"]
[Result "1/2-1/2"]
[ECO "B07"]
[WhiteElo "1935"]
[BlackElo "2013"]
[Annotator "Koller,Martin"]
[PlyCount "91"]
[TimeControl "240+2"]

1. e4 d6 2. f4 h5 3. Nf3 h4 4. Nc3 Bg4 5. Be2 e5 6. d3 h3 7. g3 Nc6 8.
Be3 Nge7 9. Ng5 Bxe2 10. Qxe2 d5 11. fxe5 Nxe5 12. d4 Nc4 13. exd5 Nb6 14. Qb5+
c6 15. dxc6 bxc6 16. Qb3 Ned5 17. Nxd5 Qxd5 18. Qxd5 Nxd5 19. Bd2 Rb8 20. O-O-O
Be7 21. Rde1 Kf8 22. Re2 Bxg5 23. Bxg5 f6 24. Bd2 Re8 25. Rxe8+ Kxe8 26. c4 Ne7
27. Bb4 Nf5 28. Bc5 a6 29. Re1+ Kf7 30. Kd2 Re8 31. Rxe8 Kxe8 32. Ke2 Nxg3+ 33.
Kf3 Nf1 34. Kg4 Nxh2+ 35. Kxh3 Nf1 36. d5 Nd2 37. dxc6 Nxc4 38. b4 Ne5 39. c7
Kd7 40. Bf8 Kxc7 41. Bxg7 Nd7 42. Kg4 Kd6 43. Kf5 Ke7 44. a4 Kf7 45. Bh8 Nb6
46. Bxf6 1/2-1/2

[Event "International chess holiday M11"]
[Site "Praha"]
[Date "2013.07.16"]
[Round "4"]
[White "Šišák, Richard"]
[Black "Kasparov, Sergey"]
[Result "0-1"]
[ECO "A57"]
[WhiteElo "2072"]
[BlackElo "2470"]
[Annotator "Koller,Martin"]
[PlyCount "64"]
[TimeControl "240+2"]

1. d4 c5 2. d5 Nf6 3. c4 b5 4. cxb5 a6 5. b6 d6 6. Nc3 Nbd7 7. e4 g6 8.
Be2 Bg7 9. Nf3 Qxb6 10. O-O O-O 11. Nd2 Qd8 12. f4 Ne8 13. Nc4 Nb6 14. Na5 Qc7
15. Bf3 Bd7 16. Bd2 Nc8 17. Nc4 Bb5 18. Be2 Nb6 19. Na5 Bxe2 20. Qxe2 e6 21.
Rad1 exd5 22. exd5 Nf6 23. Qf3 Rae8 24. Rfe1 Qd7 25. Qd3 Qc8 26. Nc6 Kh8 27.
Na5 c4 28. Qd4 Nfxd5 29. Qf2 Qc7 30. Rxe8 Rxe8 31. Re1 Rxe1+ 32. Qxe1 Ne7 0-1

[Event "International chess holiday M11"]
[Site "Praha"]
[Date "2013.07.16"]
[Round "4"]
[White "Kováø, Jan"]
[Black "Reichmann, Steffen Dr."]
[Result "1/2-1/2"]
[ECO "B07"]
[WhiteElo "1937"]
[BlackElo "1988"]
[Annotator "Koller,Martin"]
[PlyCount "53"]
[TimeControl "240+2"]

1. e4 d6 2. d4 Nf6 3. Nc3 g6 4. Be3 c6 5. h3 Nbd7 6. f4 Qa5 7. Bd3 e5
8. Qf3 Bg7 9. dxe5 dxe5 10. f5 b5 11. Nge2 O-O 12. g4 Ne8 13. g5 f6 14. h4 Qd8
15. O-O-O Qe7 16. Rdg1 a6 17. h5 fxg5 18. hxg6 h6 19. Qh3 Nef6 20. Ng3 Bb7 21.
Nh5 Nxh5 22. Qxh5 Nf6 23. Qe2 Rfd8 24. Qf2 Bf8 25. Qh2 Bg7 26. Qf2 Bf8 27. Qh2
1/2-1/2

[Event "International chess holiday M11"]
[Site "Praha"]
[Date "2013.07.16"]
[Round "4"]
[White "Grgeor, Jiøí"]
[Black "Wimmer, Jaroslav"]
[Result "1-0"]
[ECO "A40"]
[WhiteElo "2276"]
[BlackElo "2127"]
[Annotator "Koller,Martin"]
[PlyCount "83"]
[TimeControl "240+2"]

1. d4 e6 2. c4 Bb4+ 3. Nc3 Nc6 4. e3 e5 5. Nge2 Nf6 6. d5 Nb8 7. a3
Bxc3+ 8. Nxc3 d6 9. e4 a5 10. Rb1 h6 11. Bd3 Nbd7 12. b4 axb4 13. axb4 O-O 14.
Be3 b6 15. O-O Nh7 16. Qe2 Ndf6 17. f3 Nh5 18. Qd2 g5 19. g3 Ng7 20. g4 Re8 21.
Rfc1 Nf8 22. Ne2 Ng6 23. Ng3 Nf4 24. Bf1 Rf8 25. Rc3 Ne8 26. Ne2 Ng6 27. Nc1
Nf6 28. h3 Nf4 29. Nd3 h5 30. Nxf4 gxf4 31. Bf2 Nd7 32. Kh2 hxg4 33. fxg4 Kg7
34. Qc2 Rh8 35. Kg2 Qg5 36. Be2 Nf6 37. Rg1 Kf8 38. c5 Bxg4 39. hxg4 Nxg4 40.
Kf1 Ra1+ 41. Bd1 Nh2+ 42. Ke1 neèitelné 1-0

[Event "International chess holiday M11"]
[Site "Praha"]
[Date "2013.07.16"]
[Round "5"]
[White "Kasparov, Sergey"]
[Black "Hánl, František"]
[Result "1-0"]
[ECO "C06"]
[WhiteElo "2470"]
[BlackElo "1935"]
[Annotator "Koller,Martin"]
[PlyCount "89"]
[TimeControl "240+2"]

1. e4 e6 2. d4 d5 3. Nd2 Nf6 4. e5 Nfd7 5. Bd3 c5 6. c3 Nc6 7. Ne2 cxd4
8. cxd4 f6 9. exf6 Nxf6 10. O-O Bd6 11. Nf3 O-O 12. Bf4 Bxf4 13. Nxf4 Ne4 14.
Qc1 Qd6 15. Ne2 e5 16. Qe3 exd4 17. Nfxd4 Nf6 18. f3 Bd7 19. Nxc6 bxc6 20. Rac1
a5 21. Qc5 Qe5 22. Qd4 Qd6 23. Qc5 Qe5 24. b3 Rfe8 25. Rfd1 Qg5 26. Qf2 Qe5 27.
Rc2 Qd6 28. Qc5 Qe5 29. Qd4 Qg5 30. Qf4 Qxf4 31. Nxf4 Re3 32. Kf2 Rae8 33. h4
h6 34. Bg6 R8e7 35. Rd4 R3e5 36. Rc5 Bf5 37. Rd2 Re4 38. Nxd5 cxd5 39. Bxf5
Rxh4 40. Rxa5 g5 41. Re2 Rxe2+ 42. Kxe2 g4 43. fxg4 Nxg4 44. Ra4 h5 45. Bxg4
1-0

[Event "International chess holiday M11"]
[Site "Praha"]
[Date "2013.07.16"]
[Round "5"]
[White "Novák, Jindøich"]
[Black "Gregor, Jiøí"]
[Result "1/2-1/2"]
[ECO "B21"]
[WhiteElo "2013"]
[BlackElo "2276"]
[Annotator "Koller,Martin"]
[PlyCount "64"]
[TimeControl "240+2"]

1. e4 c5 2. f4 Nc6 3. c3 d5 4. d3 e5 5. Nf3 Nf6 6. fxe5 dxe4 7. exf6
exf3 8. Qxf3 gxf6 9. Qe4+ Be6 10. Na3 Qd7 11. Bf4 O-O-O 12. Qa4 Bd6 13. Bxd6
Qxd6 14. O-O-O Qe5 15. Kb1 Rhg8 16. Nc4 Qf5 17. Na5 Rg4 18. Nxc6 Rxa4 19. Ne7+
Kc7 20. Nxf5 Bxf5 21. b3 Rf4 22. Kc2 b5 23. Kc1 Rf2 24. Rd2 Rxd2 25. Kxd2 Bxd3
26. Bxd3 c4 27. bxc4 bxc4 28. Rf1 Rxd3+ 29. Kc2 Rd6 30. Rf4 Rc6 31. Rh4 Kd6 32.
Rxh7 Ke6 neèitelné 1/2-1/2

[Event "International chess holiday M11"]
[Site "Praha"]
[Date "2013.07.16"]
[Round "5"]
[White "Koper, Stefan"]
[Black "Šišák, Richard"]
[Result "1/2-1/2"]
[ECO "E70"]
[WhiteElo "1984"]
[BlackElo "2072"]
[Annotator "Koller,Martin"]
[PlyCount "94"]
[TimeControl "240+2"]

1. d4 Nf6 2. c4 g6 3. Nc3 Bg7 4. e4 d6 5. Nge2 O-O 6. Ng3 e5 7. d5 c6
8. Be2 cxd5 9. cxd5 a6 10. a4 Nbd7 11. O-O b6 12. b4 Bb7 13. Be3 Qe7 14. a5 b5
15. Qd2 Rfc8 16. Rfc1 Qf8 17. f3 h5 18. Nh1 Kh7 19. Nf2 Ng8 20. Nh3 f6 21. g4
Qf7 22. Rf1 Kh8 23. Rac1 g5 24. Kg2 Nh6 25. Nf2 h4 26. Nfd1 Nf8 27. Bb6 Ng6 28.
Ne3 Nf4+ 29. Kh1 Bf8 30. Nf5 Qd7 31. Rc2 Be7 32. Rfc1 Bd8 33. Bf2 Be7 34. Nxe7
Qxe7 35. Bf1 Qd7 36. Be3 Ng6 37. h3 Kg8 38. Bd3 Rab8 39. Kh2 Ne7 40. Bf2 Ng6
41. Ba7 Ra8 42. Be3 Nf8 43. Qf2 Ng6 44. Bf1 Rab8 45. Ba7 Ra8 46. Bb6 Ne7 47.
Bd3 Ng6 1/2-1/2

[Event "International chess holiday M11"]
[Site "Praha"]
[Date "2013.07.16"]
[Round "5"]
[White "Wimmer, Miroslav"]
[Black "Kováø, Jan"]
[Result "1-0"]
[ECO "A14"]
[WhiteElo "2127"]
[BlackElo "1937"]
[Annotator "Koller,Martin"]
[PlyCount "65"]
[TimeControl "240+2"]

1. c4 e6 2. g3 d5 3. Bg2 Nf6 4. Nf3 Be7 5. O-O O-O 6. b3 c5 7. Bb2 Nc6
8. e3 b6 9. Nc3 Bb7 10. cxd5 Nxd5 11. Nxd5 Qxd5 12. Ne5 Qd6 13. f4 f6 14. Nf3
Ba6 15. Rf2 Nb4 16. Ne1 Rad8 17. d4 e5 18. fxe5 fxe5 19. Rxf8+ Bxf8 20. a3 Nc6
21. d5 Ne7 22. e4 Nc6 23. Bh3 Qh6 24. Be6+ Kh8 25. Ng2 Be7 26. Qc2 Rd6 27. h4
Qf6 28. Ne3 Qf3 29. Nf5 Bd3 30. Qf2 Qxf2+ 31. Kxf2 Bxe4 32. Nxd6 Bxd6 33. dxc6
1-0

[Event "International chess holiday M11"]
[Site "Praha"]
[Date "2013.07.17"]
[Round "6"]
[White "Hánl, František"]
[Black "Koper, Stefan"]
[Result "1/2-1/2"]
[ECO "B12"]
[WhiteElo "1935"]
[BlackElo "1984"]
[Annotator "Koller,Martin"]
[PlyCount "38"]
[TimeControl "240+2"]

1. e4 c6 2. d4 d5 3. e5 g6 4. f4 h5 5. Nf3 Nh6 6. Bd3 Bf5 7. Be3 Bxd3
8. Qxd3 e6 9. Nbd2 Nf5 10. Ng5 Nd7 11. O-O-O Be7 12. Ndf3 c5 13. dxc5 Nxe3 14.
Qxe3 Bxc5 15. Qd3 Qe7 16. Rhe1 O-O-O 17. Kb1 Kb8 18. Nd4 Bxd4 19. Qxd4 Rc8
1/2-1/2

[Event "International chess holiday M11"]
[Site "Praha"]
[Date "2013.07.17"]
[Round "6"]
[White "Gregor, Jiøí"]
[Black "Kasparov, Sergey"]
[Result "0-1"]
[ECO "A57"]
[WhiteElo "2276"]
[BlackElo "2470"]
[Annotator "Koller,Martin"]
[PlyCount "32"]
[TimeControl "240+2"]

1. d4 Nf6 2. c4 c5 3. d5 b5 4. Nd2 bxc4 5. e4 e6 6. dxe6 dxe6 7. Bxc4
Nc6 8. Ngf3 Be7 9. O-O O-O 10. Re1 Bb7 11. e5 Nd7 12. b3 Ndxe5 13. Bb2 Nxf3+
14. Nxf3 Qxd1 15. Raxd1 Rfd8 16. Bc3 Nb4 0-1

[Event "International chess holiday M11"]
[Site "Praha"]
[Date "2013.07.17"]
[Round "6"]
[White "Wimmer, Miroslav"]
[Black "Novák, Jindøich"]
[Result "1-0"]
[ECO "A10"]
[WhiteElo "2127"]
[BlackElo "2013"]
[Annotator "Koller,Martin"]
[PlyCount "58"]
[TimeControl "240+2"]

1. c4 g5 2. Nc3 Bg7 3. g3 Nf6 4. Bg2 c5 5. d3 g4 6. h3 h5 7. hxg4 hxg4
8. Rxh8+ Bxh8 9. e3 Nc6 10. Nge2 d6 11. b3 Bf5 12. Bb2 Ne5 13. Nf4 Rb8 14. d4
Ned7 15. Nfd5 e6 16. Nxf6+ Bxf6 17. Nb5 Ke7 18. e4 Bg6 19. Nxd6 Kxd6 20. e5+
Kc7 21. exf6 Qxf6 22. Qxg4 e5 23. d5 Kd6 24. Bh3 Rd8 25. f4 Qh8 26. Qxd7+ Rxd7
27. Bxe5+ Qxe5+ 28. fxe5+ Ke7 29. Bxd7 Kxd7 1-0

[Event "International chess holiday M11"]
[Site "Praha"]
[Date "2013.07.17"]
[Round "6"]
[White "Šišák, Richard"]
[Black "Reichmann, Steffen Dr."]
[Result "1-0"]
[ECO "A80"]
[WhiteElo "2072"]
[BlackElo "1988"]
[Annotator "Koller,Martin"]
[PlyCount "55"]
[TimeControl "240+2"]

1. d4 d6 2. Nf3 f5 3. c4 g6 4. h4 Nf6 5. h5 Nxh5 6. Rxh5 gxh5 7. e4
fxe4 8. Ne5 dxe5 9. Qxh5+ Kd7 10. Qxe5 e6 11. c5 Bd6 12. Bb5+ c6 13. Qxd6+ Ke8
14. Qe5 Rf8 15. Be2 Rf5 16. Bh5+ Rxh5 17. Qxh5+ Kd7 18. Bg5 Qg8 19. Nc3 Qg6 20.
Qh4 b6 21. Qf4 e5 22. dxe5 Kc7 23. e6+ Kb7 24. e7 Bd7 25. Nxe4 Qe6 26. Kf1 b5
27. Nd6+ Ka6 28. b4 1-0

[Event "International chess holiday M11"]
[Site "Praha"]
[Date "2013.07.18"]
[Round "7"]
[White "Reichmann, Steffen Dr."]
[Black "Hánl, František"]
[Result "0-1"]
[ECO "B10"]
[WhiteElo "1988"]
[BlackElo "1935"]
[Annotator "Koller,Martin"]
[PlyCount "66"]
[TimeControl "240+2"]

1. e4 c6 2. b3 d5 3. exd5 cxd5 4. Bb2 Nc6 5. Nf3 Nf6
6. Bb5 Bg4 7. h3 Bh5 8. O-O e6 9. c4 dxc4 10. bxc4 Qd3 11. Ne5 Bxd1 12. Nxd3
Be2 13. Ne5 Bxf1 14. Kxf1 a6 15. Ba4 Rc8 16. d4 Be7 17. Nd2 O-O 18. Nxc6 bxc6
19. Re1 Bb4 20. Re2 c5 21. Bb3 cxd4 22. Bxd4 Rfd8 23. Be3 a5 24. a4 Rd3 25. Bc2
Rc3 26. Nf3 R3xc4 27. Bb3 Rc3 28. Rb2 Ba3 29. Rb1 Rb8 30. Nd4 Nd5 31. Bd2 Rd3
32. Nb5 Rxd2 33. Nxa3 Nc3 0-1

[Event "International chess holiday M11"]
[Site "Praha"]
[Date "2013.07.18"]
[Round "7"]
[White "Novák, Jindøich"]
[Black "Kováø, Jan"]
[Result "1/2-1/2"]
[ECO "C00"]
[WhiteElo "2013"]
[BlackElo "1937"]
[Annotator "Koller,Martin"]
[PlyCount "100"]
[TimeControl "240+2"]

1. e4 e6 2. c3 d5 3. d3 dxe4 4. dxe4 Qxd1+ 5. Kxd1 e5 6. Be3 Be6 7. Nd2
Nd7 8. Kc2 Bc5 9. Bxc5 Nxc5 10. Ngf3 f6 11. b4 Na4 12. Bb5+ Bd7 13. Bxd7+ Kxd7
14. Rad1 Ke7 15. Nc4 Nh6 16. Kb3 Nb6 17. Na5 Rab8 18. c4 Rhd8 19. c5 Nc8 20. h3
Nf7 21. g4 Ke6 22. Rxd8 Nxd8 23. h4 Ne7 24. h5 b6 25. cxb6 cxb6 26. Nc4 Nb7 27.
Nh4 Rd8 28. Kc3 Nd6 29. Nxd6 Rxd6 30. Nf5 Nxf5 31. exf5+ Kf7 32. h6 Rd4 33. f3
Rf4 34. Rd1 Rxf3+ 35. Kc2 Rf2+ 36. Kb3 gxh6 37. Rd7+ Kg8 38. Rxa7 h5 39. gxh5
h6 40. Rb7 Rxf5 41. Rxb6 Kf7 42. Rb7+ Ke6 43. a4 e4 44. a5 e3 45. Kc2 Rd5 46.
Rb8 Kf7 47. Rb7+ Kf8 48. Rb8+ Kf7 49. Rb7+ Kf8 50. Rb8+ Kf7 1/2-1/2

[Event "International chess holiday M11"]
[Site "Praha"]
[Date "2013.07.18"]
[Round "7"]
[White "Kasparov, Sergey"]
[Black "Wimmer, Miroslav"]
[Result "1-0"]
[ECO "C03"]
[WhiteElo "2470"]
[BlackElo "2127"]
[Annotator "Koller,Martin"]
[PlyCount "53"]
[TimeControl "240+2"]

1. e4 e6 2. d4 d5 3. Nd2 Be7 4. e5 c5 5. c3 cxd4 6. cxd4 Nc6 7. Bd3 Nh6
8. Ndf3 Nf5 9. Ne2 Nh4 10. Nxh4 Bb4+ 11. Bd2 Bxd2+ 12. Qxd2 Qxh4 13. O-O Bd7
14. f4 f6 15. Rf3 fxe5 16. Rh3 Qe7 17. fxe5 O-O-O 18. Rb1 g5 19. b4 Rdf8 20. b5
Nd8 21. Qc1+ Kb8 22. b6 Bc6 23. bxa7+ Kxa7 24. Bb5 Bxb5 25. Rxb5 Rf7 26. Ra3+
Kb8 27. Rba5 1-0

[Event "International chess holiday M11"]
[Site "Praha"]
[Date "2013.07.18"]
[Round "7"]
[White "Koper, Štefan"]
[Black "Gregor, Jiøí"]
[Result "1/2-1/2"]
[ECO "D13"]
[WhiteElo "1984"]
[BlackElo "2276"]
[Annotator "Koller,Martin"]
[PlyCount "48"]
[EventDate "2013.??.??"]
[TimeControl "240+2"]

1. d4 d5 2. c4 c6 3. cxd5 cxd5 4. Nc3 Nf6 5. Nf3 Nc6 6. a3 a6 7. g3 Ne4
8. Bg2 e6 9. O-O Be7 10. Ne1 Nd6 11. e3 a5 12. Nd3 b6 13. Re1 O-O 14. Nf4 f5
15. Ncxd5 Bd7 16. Nxe7+ Qxe7 17. d5 exd5 18. Nxd5 Qd8 19. Nxb6 Qxb6 20. Qxd6
Rad8 21. b4 axb4 22. axb4 Qxb4 23. Qd5+ Rf7 24. Ba3 Qg4 1/2-1/2